 Dungeon Crawl Stone Soup version 0.30-a0-170-g85af917532 (webtiles) character file.

Game seed: 15909635865367111529

1343 qw the Blocker (level 8, -3/48 HPs)
             Began as a Gargoyle Fighter on Sept 30, 2022.
             Slain by an ogre
             ... wielding a +0 giant spiked club
              (23 damage)
             ... on level 6 of the Dungeon.
             The game lasted 00:02:20 (6634 turns).

qw the Blocker (Gargoyle Fighter)                   Turns: 6634, Time: 00:02:21

Health: -3/48      AC: 20    Str: 22    XL:     8   Next: 62%
Magic:  8/8        EV:  3    Int: 14    God:
Gold:   323        SH: 14    Dex:  9    Spells: 7/7 levels left

rFire   . . .      SeeInvis .    Y - +0 war axe
rCold   + . .      Faith    .    k - +0 tower shield
rNeg    + . .      Spirit   .    c - +0 plate armour of the Ladybird {Fly rC+ Int+5 Stlth-}
rPois   inf        Reflect  .    (no helmet)
rElec   +          Harm     .    m - +0 cloak
rCorr   .          Rampage  .    r - +0 pair of gloves
Will    .....                    h - +0 pair of boots
Stlth   ..........               (no amulet)
HPRegen 0.16/turn                (no ring)
MPRegen 0.11/turn                (no ring)

@: flying
A: sickness immunity, AC +5, negative energy resistance 1, electricity
resistance, torment resistance 1, petrification resistance
a: no special abilities


You were on level 6 of the Dungeon.
You visited 1 branch of the dungeon, and saw 6 of its levels.

You collected 377 gold pieces.
You spent 54 gold pieces at shops.


Innate Abilities, Weirdness & Mutations

You are immune to sickness and miasma.
Your stone body is resilient. (AC +5)
You are immune to poison.
You resist negative energy. (rN+)
You are resistant to electric shocks. (rElec)
You are resistant to unholy torment.
You are immune to petrification.


   Skills:
 - Level 4.3 Fighting
 + Level 5.7 Axes
 - Level 3.2 Armour
 - Level 9.2 Shields


You had 7 spell levels left.
You didn't know any spells.
Your spell library was empty.

Inventory:

Hand Weapons
 e - a +0 whip
 Y - a +0 war axe (weapon)
Armour
 c - the +0 plate armour of the Ladybird (worn) {Fly rC+ Int+5 Stlth-}
   (You found it on level 5 of the Dungeon)

   Int:       It affects your intelligence (+5).
   rC:        It protects you from cold.
   Fly:       It grants you flight.
   Stlth:     It makes you less stealthy.
 h - a +0 pair of boots (worn)
 k - a +0 tower shield (worn)
 m - a +0 cloak (worn)
 r - a +0 pair of gloves (worn)
Jewellery
 b - a +6 ring of dexterity
 q - a +4 ring of evasion
Scrolls
 g - a scroll of identify
 i - 2 scrolls of teleportation
Potions
 a - 3 potions of resistance
 d - 4 potions of might
 j - 3 potions of curing
 l - a potion of haste {unknown}
 n - a potion of invisibility {unknown}
 o - a potion of lignification {unknown}
 p - 2 potions of mutation {unknown}

Dungeon Overview and Level Annotations

Branches:
Dungeon (6/15)
 Temple: D:4-7

Altars:
Elyvilon
Yredelemnul
Zin

Shops:
D:5 :[:

Annotations:
D:3 2 transporters
D:5 2 runed translucent doors, qw's ghost, amateur GrFi
D:6 Duvessa


Message History

Enter note:
Enter note:
Enter note:
6627 ||| PLANNING D:1-11 You hit the ogre.
The ogre is lightly wounded.
The ogre hits you but does no damage.
You barely miss the ogre.
The ogre is lightly wounded.
You hit the iguana. You block the iguana's attack.
The ogre hits you with a +0 giant spiked club!
The iguana bites you but does no damage.
You slash the iguana!
The iguana is almost dead.
You barely miss the ogre.
The ogre hits you with a +0 giant spiked club!!
You block the iguana's attack.
You hit the iguana but do no damage.
The iguana is almost dead.
You hit the ogre.
The iguana bites you but does no damage.
You block the ogre's attack. You block the iguana's attack.
You hit the iguana but do no damage.
The iguana is almost dead.
You hit the ogre.
You hear a shout!
You block the ogre's attack. You block the iguana's attack.
You closely miss the iguana.
The iguana is almost dead.
You barely miss the ogre.
You hear a shout!
You block the iguana's attack.
You hear a shout!
The ogre hits you but does no damage. You block the iguana's attack.
You slash the iguana!
You kill the iguana!
You barely miss the ogre.
The ogre hits you with a +0 giant spiked club!!
You die...

# # .# .. #.## ...
.^. .. ...#.#
#.####.# #.# #..%.O.#
#.# #@# #.#
####'#####.#
#.......##.#
#.}...}.##.#
#.......#..###
+...}...'....########
#.......#............
#.}...}.#..#.########
#.......#.##.#


You could see an ogre.

Vanquished Creatures
  Sigmund (D:4)
  2 water moccasins
  2 black bears
  An ice beast (D:6)
  A centaur (D:5)
  A phantom (D:4)
  2 scorpions (D:5)
  Dowan (D:6)
  A howler monkey (D:3)
  2 hounds
  3 iguanas
  A howler monkey zombie (D:3)
  10 adders
  A white imp (D:6)
  An adder zombie (D:3)
  2 worms
  3 dart slugs
  5 orcs
  9 ball pythons
  7 endoplasms
  4 giant cockroaches
  16 goblins
  7 hobgoblins
  7 jackals
  5 kobolds
  5 quokkas
  A ball python zombie (D:3)
  9 bats
  4 frilled lizards
  9 rats
123 creatures vanquished.

Vanquished Creatures (others)
  17 plants (D:3)
17 creatures vanquished.

Grand Total: 140 creatures vanquished

Notes
Turn   | Place    | Note
-------+----------+-------------------------------------------
     0 | D:1      | qw the Gargoyle Fighter began the quest for the Orb.
     0 | D:1      | Reached XP level 1. HP: 14/14 MP: 1/1
     0 | D:1      | 0 ||| qw: Version: 0.2-a-12-gaebbb33
     0 | D:1      | 0 ||| qw: Game counter: 1547
     0 | D:1      | 0 ||| qw: Always use a shield: true
     0 | D:1      | 0 ||| qw: God list: Okawaru
     0 | D:1      | 0 ||| qw: Allow faded altars: false
     0 | D:1      | 0 ||| qw: Do Orc after D:15 true
     0 | D:1      | 0 ||| qw: Do second Lair branch before Depths: true
     0 | D:1      | 0 ||| qw: Lair rune preference: random
     0 | D:1      | 0 ||| qw: Plans: Normal, Zot:1-4, God:TSO, Crypt, Tomb,
                  | Pan, Slime:5, Hells, Abyss, Orb
     0 | D:1      | 0 ||| PLANNING D:1-11
   131 | D:1      | Reached XP level 2. HP: 15/19 MP: 2/2
   417 | D:1      | 417 ||| Stepping ~*~*~tactically~*~*~ (stealth).
   541 | D:1      | Found a faded altar of an unknown god.
   546 | D:1      | Reached skill level 3 in Axes
   551 | D:1      | Reached XP level 3. HP: 23/23 MP: 3/3
  1081 | D:1      | 1081 ||| READING scroll labelled AFUADI TIDA.
  1084 | D:1      | 1084 ||| READING scroll labelled FON PEISTROWUQACON.
  1131 | D:1      | 1131 ||| DRINKING 2 brown potions.
  1132 | D:1      | 1132 ||| DROPPING potion of flight.
  1477 | D:2      | 1477 ||| Stepping ~*~*~tactically~*~*~ (stealth).
  1478 | D:2      | 1478 ||| Stepping ~*~*~tactically~*~*~ (stealth).
  1504 | D:2      | HP: 2/23 [iguana (4)]
  1511 | D:2      | Reached XP level 4. HP: 3/28 MP: 4/4
  1818 | D:2      | 1818 ||| Stepping ~*~*~tactically~*~*~ (stealth).
  1936 | D:2      | 1936 ||| Stepping ~*~*~tactically~*~*~ (stealth).
  2278 | D:2      | 2278 ||| FLEEEEING.
  2279 | D:2      | 2279 ||| FLEEEEING.
  2280 | D:2      | 2280 ||| FLEEEEING.
  2281 | D:2      | 2281 ||| FLEEEEING.
  2282 | D:2      | 2282 ||| FLEEEEING.
  2283 | D:2      | 2283 ||| FLEEEEING.
  2288 | D:2      | 2288 ||| FLEEEEING.
  2290 | D:2      | 2290 ||| FLEEEEING.
  2291 | D:2      | 2291 ||| FLEEEEING.
  2292 | D:2      | 2292 ||| FLEEEEING.
  2293 | D:2      | 2293 ||| FLEEEEING.
  2294 | D:2      | 2294 ||| FLEEEEING.
  2295 | D:2      | 2295 ||| FLEEEEING.
  2299 | D:2      | 2299 ||| STAIRDANCE
  2367 | D:1      | 2367 ||| UPGRADING to +0 pair of boots.
  2372 | D:1      | 2372 ||| READING 2 scrolls labelled UGENNUNAFE.
  2377 | D:2      | 2377 ||| Stepping ~*~*~tactically~*~*~ (hiding).
  2475 | D:2      | 2475 ||| READING 2 scrolls of identify.
  2475 | D:2      | 2475 ||| IDENTIFYING metallic ruby potion
  2506 | D:3      | Reached XP level 5. HP: 32/32 MP: 5/5
  2527 | D:3      | 2527 ||| Stepping ~*~*~tactically~*~*~ (stealth).
  2528 | D:3      | 2528 ||| Stepping ~*~*~tactically~*~*~ (stealth).
  2560 | D:3      | Found a transporter.
  2561 | D:3      | Found a transporter.
  2717 | D:3      | 2717 ||| Stepping ~*~*~tactically~*~*~ (stealth).
  2973 | D:3      | 2973 ||| Stepping ~*~*~tactically~*~*~ (stealth).
  3039 | D:3      | 3039 ||| Stepping ~*~*~tactically~*~*~ (stealth).
  3040 | D:3      | 3040 ||| Stepping ~*~*~tactically~*~*~ (stealth).
  3058 | D:3      | Found a basalt altar of Yredelemnul.
  3069 | D:3      | 3069 ||| Stepping ~*~*~tactically~*~*~ (stealth).
  3076 | D:3      | 3076 ||| Stepping ~*~*~tactically~*~*~ (stealth).
  3077 | D:3      | 3077 ||| Stepping ~*~*~tactically~*~*~ (stealth).
  3357 | D:3      | 3357 ||| Stepping ~*~*~tactically~*~*~ (hiding).
  3580 | D:3      | 3580 ||| UPGRADING to +0 tower shield.
  3590 | D:3      | 3590 ||| DROPPING +0 buckler.
  3591 | D:3      | 3591 ||| UPGRADING to +0 cloak.
  3609 | D:4      | 3609 ||| STAIRDANCE
  3681 | D:4      | Noticed a phantom
  3682 | D:4      | 3682 ||| Stepping ~*~*~tactically~*~*~ (stealth).
  3699 | D:4      | Killed a phantom
  3700 | D:4      | Reached skill level 4 in Shields
  3700 | D:4      | Reached XP level 6. HP: 22/37 MP: 6/6
  3761 | D:4      | 3761 ||| FLEEEEING.
  3762 | D:4      | 3762 ||| FLEEEEING.
  3763 | D:4      | 3763 ||| STAIRDANCE
  3827 | D:4      | 3827 ||| STAIRDANCE
  4093 | D:4      | Reached skill level 5 in Shields
  4229 | D:4      | 4229 ||| Stepping ~*~*~tactically~*~*~ (stealth).
  4230 | D:4      | 4230 ||| Stepping ~*~*~tactically~*~*~ (stealth).
  4422 | D:4      | Found a white marble altar of Elyvilon.
  4445 | D:4      | Noticed Sigmund
  4467 | D:4      | Killed Sigmund
  4468 | D:4      | Reached skill level 6 in Shields
  4468 | D:4      | Reached XP level 7. HP: 15/41 MP: 7/7
  4781 | D:4      | 4781 ||| READING scroll labelled FEOTOUCEORCH.
  4782 | D:4      | 4782 ||| READING scroll labelled TIOHEB IXORPH.
  4783 | D:4      | 4783 ||| READING scroll labelled TOGUXU EMIURA.
  4784 | D:4      | 4784 ||| READING scroll labelled GISKAO RAPP.
  4785 | D:4      | 4785 ||| DRINKING 2 amethyst potions.
  4793 | D:5      | Entered Level 5 of the Dungeon
  4844 | D:5      | Reached skill level 7 in Shields
  4916 | D:5      | Identified the +0 plate armour of the Ladybird {Fly rC+
                  | Int+5 Stlth-}
  4939 | D:5      | Found a runed translucent door.
  4946 | D:5      | Noticed qw's ghost (amateur GrFi)
  5050 | D:5      | Found Cuhai's Book Emporium.
  5110 | D:5      | Reached skill level 8 in Shields
  5130 | D:5      | 5130 ||| Stepping ~*~*~tactically~*~*~ (hiding).
  5148 | D:5      | Reached XP level 8. HP: 25/46 MP: 8/8
  5358 | D:5      | Found Edaos's Armour Emporium.
  5373 | D:5      | 5373 ||| SHOPLISTING +0 mask of the Dragon {Will+ Slay+3
                  | SInv} (400 gold, have 289).
  5373 | D:5      | 5373 ||| BUYING +0 pair of gloves (54 gold).
  5373 | D:5      | Bought a +0 pair of gloves for 54 gold pieces
  5382 | D:5      | Found a runed translucent door.
  5646 | D:5      | Found Gona's Book Shop.
  5923 | D:5      | 5923 ||| UPGRADING to +0 plate armour of the Ladybird {Fly
                  | rC+ Int+5 Stlth-}.
  5933 | D:5      | 5933 ||| DROPPING +0 scale mail.
  5934 | D:5      | 5934 ||| UPGRADING to +0 pair of gloves.
  5939 | D:5      | 5939 ||| READING scroll labelled INWEPERIRA.
  5940 | D:5      | 5940 ||| READING scroll labelled QATEUX FAWKA.
  5941 | D:5      | 5941 ||| READING 2 scrolls of identify.
  5941 | D:5      | 5941 ||| IDENTIFYING purple potion
  5955 | D:6      | 5955 ||| PLANNING OSSUARY
  6155 | D:6      | Reached skill level 9 in Shields
  6250 | D:6      | Noticed Dowan
  6250 | D:6      | Noticed Duvessa
  6261 | D:6      | Killed Dowan
  6265 | D:6      | HP: 10/48 [Duvessa/+0 short sword (12)]
  6266 | D:6      | 6266 ||| READING 3 scrolls of teleportation.
  6267 | D:6      | 6267 ||| DRINKING potion of heal wounds.
  6386 | D:6      | Found a glowing silver altar of Zin.
  6387 | D:6      | 6387 ||| Stepping ~*~*~tactically~*~*~ (hiding).
  6614 | D:6      | 6614 ||| RIP OSSUARY
  6627 | D:6      | 6627 ||| PLANNING D:1-11
  6634 | D:6      | Slain by an ogre

Levels and vault maps discovered:
D:1:      dpeg_arrival_water_temple_mockup, layout_loops_ring,
          hellmonk_ecumenical_altar_blasted
D:2:      layout_basic
D:3:      gammafunk_steamed_eel, layout_basic, nicolae_yredelemnul_corpse_copse,
          grunt_ministairs_7, serial_bayou_pond_c
D:4:      layout_rooms, elyvilon_altar_4, chequers_serial_rivers_room_a,
          columned_hall_lemuel, minmay_misc_feat_room, uniq_sigmund
D:5:      layout_gridville, ebering_ghost_sewer_f, serial_shops, shop, shop,
          shop, minmay_misc_feat_diagonals, nrook_uturn
D:6:      layout_loops_corners, overflow_temple_1_default, enter_ossuary_2,
          minmay_fountain_box, uniq_duvessa

Skill      XL: |  1  2  3  4  5  6  7  8 |
---------------+-------------------------+-----
Axes           | 2 3 4 5 |  5.7
Shields        | 4 6 8 9 |  9.2
Fighting       | 4 |  4.3
Armour         | |  3.2

Action                   |  1- 3 |  4- 6 |  7- 9 || total
-------------------------+-------+-------+-------++-------
Melee: War axe           |   122 |   206 |   164 ||   492
  Use: Scroll            |     2 |     2 |     8 ||    12
       Potion            |     1 |       |     2 ||     3
Armor: Scale mail        |    54 |   122 |    72 ||   248
       Plate armour      |       |       |    54 ||    54
Dodge: Dodged            |    62 |    64 |    37 ||   163
Block: Buckler           |    21 |    20 |       ||    41
       Tower shield      |       |    49 |   175 ||   224

Table legend:
 A = Non-vault XP
 B = Vault XP
 C = Vault XP percentage of total XP
 D = Non-vault monster count
 E = Vault monster count
 F = Vault count percentage of total count
                 A         B        C        D         E       F
            +---------+---------+-------+---------+---------+-------
      Total |    1638 |     318 |  16.3 |     117 |       6 |   4.9
            +---------+---------+-------+---------+---------+-------
        D:1 |      54 |       0 |   0.0 |      30 |       0 |   0.0
        D:2 |     104 |       0 |   0.0 |      27 |       0 |   0.0
        D:3 |     107 |      35 |  24.6 |      26 |       4 |  13.3
        D:4 |     167 |     214 |  56.2 |      14 |       1 |   6.7
        D:5 |     686 |       0 |   0.0 |      12 |       0 |   0.0
        D:6 |     520 |      69 |  11.7 |       8 |       1 |  11.1
            +---------+---------+-------+---------+---------+-------
